 Dungeon Crawl Stone Soup version 0.28-a0-1429-gf3d713df7a (webtiles) character file.

Game seed: 14636590090290630176

279 anonymouscript the Covert (level 6, 0/53 HPs)
             Began as a Gnoll Delver on Jan 9, 2022.
             Was a Believer of Zin.
             Slain by Menkaure (22 damage)
             ... on level 4 of the Dungeon.
             The game lasted 00:14:32 (2914 turns).

anonymouscript the Covert (Gnoll Delver)            Turns: 2914, Time: 00:14:32

Health: 0/53       AC:  5    Str: 12    XL:     6   Next: 26%
Magic:  8/8        EV: 12    Int:  9    God:    Zin [**....]
Gold:   99         SH:  0    Dex: 15    Spells: 8/8 levels left

rFire   . . .      SeeInvis .   a - +0 short sword
rCold   . . .      Faith    .   (no shield)
rNeg    . . .      Spirit   .   p - +0 ring mail
rPois   .          Reflect  .   (no helmet)
rElec   .          Harm     .   (no cloak)
rCorr   .          Rampage  .   (no gloves)
Will    .....                   (no boots)
Stlth   ++++......              o - amulet of regeneration
HPRegen 0.97/turn               (no ring)
MPRegen 0.11/turn               (no ring)

@: hasted, very quick
A: fangs 1, strong nose, distributed training
a: Renounce Religion, Recite, Vitalisation, Donate Gold


You were on level 4 of the Dungeon.
You worshipped Zin.
Zin was pleased with you.
You visited 1 branch of the dungeon, and saw 5 of its levels.

You collected 200 gold pieces.
You spent 20 gold pieces at shops.
You donated 81 gold pieces to Zin.

Inventory:

Hand Weapons
 a - a +0 short sword (weapon)
Missiles
 l - 81 stones (quivered)
 m - a throwing net
Armour
 b - a +0 leather armour
 p - a +0 ring mail (worn)
Jewellery
 o - an amulet of regeneration (around neck)
Wands
 g - a wand of digging (3)
Scrolls
 c - a scroll of fog
 d - 4 scrolls of identify
 e - 3 scrolls of fear
 i - 2 scrolls of enchant weapon {unknown}
 k - a scroll of amnesia {unknown}
 n - a scroll of blinking {unknown}
 q - a scroll of noise {unknown}
Potions
 f - 2 potions of haste
 h - a potion of might {unknown}
 j - a potion of brilliance {unknown}
 r - a potion of attraction {unknown}


   Skills:
 + Level 6.8 Fighting
 + Level 4.9 Short Blades
 + Level 1.9 Long Blades
 + Level 1.9 Axes
 + Level 1.9 Maces & Flails
 + Level 1.9 Polearms
 + Level 1.9 Staves
 + Level 1.9 Slings
 + Level 1.9 Bows
 + Level 1.9 Crossbows
 + Level 1.9 Throwing
 + Level 1.9 Armour
 + Level 4.9 Dodging
 + Level 9.7 Stealth
 + Level 1.9 Shields
 + Level 1.9 Unarmed Combat
 + Level 1.9 Spellcasting
 + Level 1.5 Conjurations
 + Level 1.5 Hexes
 + Level 1.5 Summonings
 + Level 1.5 Necromancy
 + Level 1.5 Translocations
 + Level 1.5 Transmutations
 + Level 1.5 Fire Magic
 + Level 1.5 Ice Magic
 + Level 1.5 Air Magic
 + Level 1.5 Earth Magic
 + Level 1.5 Poison Magic
 + Level 2.1 Invocations
 + Level 1.9 Evocations


You had 8 spell levels left.
You didn't know any spells.
Your spell library was empty.

Dungeon Overview and Level Annotations

Branches:
Dungeon (5/15)
 Temple: D:4-7

Altars:
Zin

Shops:
D:1 *   D:2 :

Annotations:
D:4 Menkaure


Innate Abilities, Weirdness & Mutations

You have very sharp teeth.
Your uncanny sense of smell can sniff out nearby items.
Your experience applies equally to all skills.


Message History

You hit the orc wizard but do no damage.
The orc wizard is heavily wounded.
The orc wizard hits you with a +0 dagger of protection.
You hit the orc wizard.
The orc wizard is severely wounded.
The orc hits you with a +0 hand axe. The orc wizard closely misses you.
You hit the orc wizard.
You kill the orc wizard!
The orc barely misses you.
You hit the orc.
The orc is severely wounded.
The orc hits you with a +0 hand axe.
You barely miss the orc.
The orc is severely wounded.
The orc hits you but does no damage.
You hit the orc.
You kill the orc!
l - 81 stones (gained 26) Menkaure is nearby!
Okay, then.
You feel yourself speed up.
Menkaure gestures at you while chanting.
Pain shoots through your body!
You hit Menkaure.
Menkaure is lightly damaged.
You hit Menkaure but do no damage.
Menkaure is lightly damaged.
You hit Menkaure.
Menkaure is lightly damaged.
Menkaure hits you.
You closely miss Menkaure. You bite Menkaure.
Menkaure is lightly damaged.
You barely miss Menkaure.
Menkaure is lightly damaged.
Menkaure calls on the powers of darkness!
Your body is wracked with pain!
You hit Menkaure but do no damage.
Menkaure is lightly damaged.
Menkaure hits you!!
You die...

.........#
...................#####
.......................#
..................#
..................#######
.........................
..................#.#####
...................##
................@M)####
........).........)...#
...............>...##..#
...................# ...
#####..............## ..
#.....................M
#...####...)[.......#....
#..## ##...........#
#o..# #.#
########..)......##. .#.


You could see Menkaure.

Vanquished Creatures
  A scorpion (D:3)
  An orc priest (D:3)
  An orc wizard (D:4)
  3 gnolls (D:2)
  4 adders
  An ufetubus (D:3)
  An adder skeleton (D:4)
  A worm (D:2)
  2 dart slugs (D:3)
  10 orcs
  5 ball pythons
  5 bats (D:1)
  7 endoplasms
  2 giant cockroaches
  6 goblins
  7 hobgoblins
  7 jackals (D:1)
  3 kobolds
  2 quokkas (D:1)
  A frilled lizard (D:1)
  3 rats (D:1)
73 creatures vanquished.

Notes
Turn   | Place    | Note
-------+----------+-------------------------------------------
     0 | D:5      | Reached skill level 9 in Stealth
     0 | D:5      | anonymouscript the Gnoll Delver began the quest for the
                  | Orb.
     0 | D:5      | Reached XP level 1. HP: 23/23 MP: 1/1
     8 | D:5      | Found a glowing silver altar of Zin.
    12 | D:5      | Became a worshipper of Zin the Law-Giver
    18 | D:5      | Noticed an ogre
   176 | D:3      | Reached XP level 2. HP: 10/29 MP: 2/2
   386 | D:2      | Found Doupsess's Book Boutique.
   463 | D:1      | Found Locydue's General Store.
   480 | D:1      | Bought a scroll of identify for 20 gold pieces
   641 | D:1      | Reached * piety under Zin
   660 | D:1      | Donated 18 gold pieces to Zin
   984 | D:1      | Reached XP level 3. HP: 35/35 MP: 3/3
  1263 | D:1      | Reached skill level 1 in Invocations
  1483 | D:2      | Reached skill level 1 in Long Blades
  1483 | D:2      | Reached skill level 1 in Axes
  1483 | D:2      | Reached skill level 1 in Maces & Flails
  1483 | D:2      | Reached skill level 1 in Polearms
  1483 | D:2      | Reached skill level 1 in Staves
  1483 | D:2      | Reached skill level 1 in Slings
  1483 | D:2      | Reached skill level 1 in Bows
  1483 | D:2      | Reached skill level 1 in Crossbows
  1483 | D:2      | Reached skill level 1 in Throwing
  1483 | D:2      | Reached skill level 1 in Armour
  1483 | D:2      | Reached skill level 1 in Shields
  1483 | D:2      | Reached skill level 1 in Unarmed Combat
  1483 | D:2      | Reached skill level 1 in Spellcasting
  1483 | D:2      | Reached skill level 1 in Evocations
  1552 | D:2      | Reached XP level 4. HP: 18/41 MP: 5/5
  2169 | D:3      | Reached skill level 1 in Conjurations
  2169 | D:3      | Reached skill level 1 in Hexes
  2169 | D:3      | Reached skill level 1 in Summonings
  2169 | D:3      | Reached skill level 1 in Necromancy
  2169 | D:3      | Reached skill level 1 in Translocations
  2169 | D:3      | Reached skill level 1 in Transmutations
  2169 | D:3      | Reached skill level 1 in Fire Magic
  2169 | D:3      | Reached skill level 1 in Ice Magic
  2169 | D:3      | Reached skill level 1 in Air Magic
  2169 | D:3      | Reached skill level 1 in Earth Magic
  2169 | D:3      | Reached skill level 1 in Poison Magic
  2177 | D:3      | Reached ** piety under Zin
  2182 | D:3      | Donated 43 gold pieces to Zin
  2573 | D:3      | Reached XP level 5. HP: 46/47 MP: 6/6
  2683 | D:4      | Noticed Menkaure
  2743 | D:5      | Noticed a water moccasin
  2745 | D:5      | Noticed a phantom
  2829 | D:3      | Reached XP level 6. HP: 20/53 MP: 8/8
  2914 | D:4      | Slain by Menkaure

Illustrated notes

Levels and vault maps discovered:
D:1:      minmay_arrival_stone_box, layout_loops_ring, serial_shops, shop,
          minmay_heptomino_h4
D:2:      layout_loops_ring, serial_shops, shop, uniq_crazy_yiuf_cottage
D:3:      layout_loops_cross, minmay_misc_feat_columns, guppyfry_early_orc_mine,
          uniq_ijyb
D:4:      layout_rooms, minmay_temple_entry_fiery, serial_shops,
          nicolae_shop_hallway_plus, kennysheep_small_circle, uniq_menkaure
D:5:      layout_loops_ring, mainiacjoe_overflow_six_doors_small,
          gammafunk_ghost_mausoleum

Skill      XL: |  1  2  3  4  5 |
---------------+----------------+-----
Stealth        | |  9.7
Invocations    | 1 2 |  2.1
Long Blades    | 1 |  1.9
Axes           | 1 |  1.9
Maces & Flails | 1 |  1.9
Polearms       | 1 |  1.9
Staves         | 1 |  1.9
Slings         | 1 |  1.9
Bows           | 1 |  1.9
Crossbows      | 1 |  1.9
Throwing       | 1 |  1.9
Armour         | 1 |  1.9
Shields        | 1 |  1.9
Unarmed Combat | 1 |  1.9
Spellcasting   | 1 |  1.9
Evocations     | 1 |  1.9
Conjurations   | 1 |  1.5
Hexes          | 1 |  1.5
Summonings     | 1 |  1.5
Necromancy     | 1 |  1.5
Translocations | 1 |  1.5
Transmutations | 1 |  1.5
Fire Magic     | 1 |  1.5
Ice Magic      | 1 |  1.5
Air Magic      | 1 |  1.5
Earth Magic    | 1 |  1.5
Poison Magic   | 1 |  1.5
Fighting       | |  6.8
Short Blades   | |  4.9
Dodging        | |  4.9

Action                   |  1- 3 |  4- 6 || total
-------------------------+-------+-------++-------
Melee: Short sword       |   111 |   198 ||   309
       Bite              |     5 |    21 ||    26
       Punch             |     1 |     5 ||     6
Throw: Stone             |     2 |       ||     2
Invok: Donate Gold       |     1 |     1 ||     2
  Use: Scroll            |     1 |       ||     1
       Potion            |       |     1 ||     1
 Stab: Sleeping          |     8 |     3 ||    11
Armor: Leather armour    |    30 |     7 ||    37
       Ring mail         |       |    31 ||    31
Dodge: Dodged            |    98 |   125 ||   223

Table legend: (Time is in decaauts)
 A = Elapsed time spent in this place.
 B = Non-inter-level travel time spent in this place.
 C = Inter-level travel time spent in this place.
 D = Time resting spent in this place.
 E = Time spent auto-exploring this place.
 F = Levels seen in this place.
 G = Mean time per level.
                   A        B        C        D        E       F      G
               +--------+--------+--------+--------+--------+-----+--------+
         Total |   2873 |   2873 |      0 |    470 |   1360 |   5 |  574.6 |
       Dungeon |   2873 |   2873 |      0 |    470 |   1360 |   5 |  574.6 |
               +--------+--------+--------+--------+--------+-----+--------+

Top non-repeatable levels by time:
     D:1: 976 daAuts
     D:3: 910 daAuts
     D:2: 706 daAuts
     D:5: 149 daAuts
     D:4: 131 daAuts
